 Dungeon Crawl Stone Soup version 0.24.1-14-gf8d2b509d9 (webtiles) character file.

Game seed: 12097681623040687856, levelgen mode: deterministic

73888 Hugehornet the Basher (level 15, -4/91 HPs)
             Began as a Gargoyle Fighter on May 24, 2020.
             Was the Champion of Cheibriados.
             Slain by Rupert
             ... wielding a +3 vampiric executioner's axe
              (34 damage)
             ... on level 15 of the Dungeon.
             The game lasted 00:59:11 (22950 turns).

Hugehornet the Basher (Gargoyle Fighter)           Turns: 22950, Time: 00:59:12

Health: -4/91      AC: 34    Str: 34    XL:     15   Next: 44%
Magic:  5/21       EV: 13    Int: 31    God:    Cheibriados [******]
Gold:   563        SH: 16    Dex: 29    Spells: 8/22 levels left

rFire    . . .     SeeInvis +   l - +4 flail (drain)
rCold    . . .     Gourm    .   c - +0 shield
rNeg     + + +     Faith    .   E - +0 plate armour
rPois    ∞         Spirit   .   V - +2 hat {SInv}
rElec    +         Reflect  .   v - +0 cloak
rCorr    .         Harm     .   n - +1 pair of gloves of Okawaru's Wrath {Regen+ Slay+3}
MR       +....                  G - +0 pair of boots
Stlth    ..........             x - macabre finger necklace {rN+}
HPRegen  0.65/turn              g - ring of positive energy
MPRegen  0.17/turn              S - ring of positive energy
                                r - ring of wizardry

@: agile, flying, very slightly contaminated, invisible, very slow
A: big wings, negative energy resistance 1, electricity resistance, unbreathing,
petrification resistance, rot immunity, AC +11
a: Stop Flying, Bend Time, Temporal Distortion, Slouch, Step From Time, Renounce
Religion


You were on level 15 of the Dungeon.
You worshipped Cheibriados.
Cheibriados was exalted by your worship.
You were hungry.

You visited 2 branches of the dungeon, and saw 21 of its levels.
You also visited: Gauntlet.

You collected 1463 gold pieces.
You spent 900 gold pieces at shops.

Inventory:

Hand Weapons
 l - a +4 flail of draining (weapon)
 B - a +6 morningstar
 C - a +2 whip of flaming
 I - a +0 antimagic trident
 U - the +6 morningstar of Sohy {freeze, rPois MP-9 Int-2 Dex+6}
   (You found it in a Gauntlet)

   It has been specially enchanted to freeze those struck by it, causing extra
   injury to most foes and up to half again as much damage against particularly
   susceptible opponents.
   It can also slow down cold-blooded creatures.
   It affects your intelligence (-2).
   It affects your dexterity (+6).
   It protects you from poison.
   It affects your magic capacity (-9).
Armour
 c - a +0 shield (worn)
 n - the +1 pair of gloves of Okawaru's Wrath (worn) {Regen+ Slay+3}
   (You found it on level 11 of the Dungeon)

   It affects your accuracy and damage with ranged weapons and melee attacks
   (+3).
   It increases your rate of regeneration.
 t - a +1 helmet
 v - a +0 cloak (worn)
 E - a +0 plate armour (worn)
 G - a +0 pair of boots (worn)
 O - a +2 hat of intelligence
 V - a +2 hat of see invisible (worn)
Jewellery
 a - an uncursed ring of see invisible
 g - a ring of positive energy (left hand)
 p - the amulet "Hemepefu" {+Inv Regen+}
   (You found it in a Gauntlet)

   [amulet of regeneration]

   It lets you turn invisible.
   It increases your rate of regeneration.
 r - a ring of wizardry (on amulet)
 x - the macabre finger necklace (around neck) {rN+}
   (You bought it in a shop on level 13 of the Dungeon)

   [amulet of nothing]

   It protects you from negative energy.
 F - an uncursed ring of ice
 S - a ring of positive energy (right hand)
Wands
 b - a wand of iceblast (16)
 d - a wand of flame (65)
 w - a wand of polymorph (9)
 K - a wand of digging (8)
 N - a wand of paralysis (11)
Scrolls
 e - 2 scrolls of enchant weapon
 h - a scroll of torment {unknown}
 i - 11 scrolls of remove curse
 j - a scroll of fear {unknown}
 o - 5 scrolls of teleportation
 q - 7 scrolls of magic mapping
 s - 3 scrolls of fog {unknown}
 y - 5 scrolls of amnesia
 z - 7 scrolls of enchant armour {unknown}
 D - 5 scrolls of blinking {unknown}
 L - 3 scrolls of immolation
 M - a scroll of random uselessness {unknown}
 P - a scroll of acquirement {unknown}
 R - 4 scrolls of brand weapon {unknown}
 T - a scroll of silence {unknown}
Potions
 k - a potion of magic
 u - 5 potions of brilliance
 A - 5 potions of resistance
 J - 4 potions of lignification
 Q - 2 potions of mutation
 Y - a potion of curing
Miscellaneous
 W - a lightning rod (4/4)
Comestibles
 f - 50 rations


   Skills:
 + Level 9.5 Fighting
 + Level 14.1 Maces & Flails
 * Level 12.6 Armour
 * Level 12.6 Shields
 + Level 4.2 Spellcasting
 * Level 4.3 Conjurations
 * Level 3.3 Hexes
 - Level 3.0 Translocations
 * Level 7.0 Fire Magic
 * Level 3.1 Air Magic
 * Level 4.0 Poison Magic
 + Level 8.9 Invocations


You had 8 spell levels left.
You knew the following spells:

 Your Spells              Type           Power        Failure   Level  Hunger
a - Fireball              Conj/Fire      #####.....   38%         5    #####..
b - Blink                 Tloc           N/A          7%          2    None
c - Mephitic Cloud        Conj/Pois/Air  ####....     10%         3    #......
d - Cause Fear            Hex            ####......   36%         4    ###....

Your spell library contained the following spells:

 Spells                   Type           Power        Failure   Level  Hunger
 Flame Tongue             Conj/Fire      #####        1%          1    None
 Magic Dart               Conj           ####         2%          1    None
 Throw Flame              Conj/Fire      #####.       2%          2    None
 Shock                    Conj/Air       ####         3%          1    None
 Corona                   Hex            ####...      4%          1    None
 Conjure Flame            Conj/Fire      #####...     4%          3    #......
 Slow                     Hex            ####....     6%          2    None
 Inner Flame              Hex/Fire       #####...     6%          3    #......
 Throw Frost              Conj/Ice       ###...       10%         2    None
 Static Discharge         Conj/Air       ####....     11%         3    #......
 Shroud of Golubria       Chrm/Tloc      ###...       13%         2    None
 Swiftness                Chrm/Air       ###.....     13%         2    None
 Portal Projectile        Hex/Tloc       ####..       13%         3    #......
 Freeze                   Ice            #...         16%         1    None
 Infusion                 Chrm           #...         16%         1    None
 Summon Small Mammal      Summ           #...         16%         1    None
 Sticky Flame             Conj/Fire      #####...     16%         4    ###....
 Call Imp                 Summ           #.......     24%         2    None
 Song of Slaying          Chrm           #.......     24%         2    None
 Spectral Weapon          Hex/Chrm       ###.....     24%         3    #......
 Summon Guardian Golem    Hex/Summ       ###.....     24%         3    #......
 Airstrike                Air            ####......   38%         4    ###....
 Call Canine Familiar     Summ           #.......     43%         3    #......
 Ozocubu's Armour         Chrm/Ice       #.......     43%         3    #......
 Regeneration             Chrm/Necr      #.........   43%         3    #......
 Throw Icicle             Conj/Ice       ###.....     52%         4    ###....
 Leda's Liquefaction      Hex/Erth       ###.......   58%         4    ###....
 Summon Lightning Spire   Summ/Air       ###.....     61%         4    ###....
 Lightning Bolt           Conj/Air       ####......   65%         5    #####..
 Summon Ice Beast         Ice/Summ       #.......     82%         4    ###....


Dungeon Overview and Level Annotations

Branches:
Dungeon (15/15)            Temple (0/1) D:5            Lair (6/6) D:8
 Shoals (0/4) Lair:2        Snake (0/4) Lair:2        Slime (0/5) Lair:6
    Orc (0/2) D:12         Vaults (0/5) D:13        Gauntlet (visited)
 Depths: D:15

Altars:
Ashenzari
Cheibriados
Dithmenos
Elyvilon
Gozag
Hepliaklqana
Kikubaaqudgha
Okawaru
Qazlal
Ru
Sif Muna
Trog
Uskayaw
Yredelemnul
Zin

Shops:
D:7 !   D:13 =   D:14 (*

Portals:
Trove: D:10 (give 18 potions of curing)

Annotations:
D:14 Louise; Roxanne
D:15 Rupert
Lair:6 3 runed translucent doors, exclusion: oklob plant, Sassenached's ghost, journeyman HOWn


Innate Abilities, Weirdness & Mutations

You are resistant to torment.
Your stone body is resilient. (AC +11)
You are immune to poison.
Your large and strong wings let you fly indefinitely.
You resist negative energy. (rN+)
You are resistant to electric shocks. (rElec)
You can survive without breathing.
You are immune to petrification.
You are immune to rotting.


Message History

You hear a shout!
You barely miss Rupert.
Rupert is moderately wounded.
You can feel time thicken for a moment.
You kill the orc!
Cheibriados thoroughly appreciates the change of pace.
You kill the bullfrog!
Cheibriados thoroughly appreciates the change of pace.
You feel somewhat more hungry. You block Rupert's attack.
The ogre mage casts a spell.
The ogre mage blinks!
You can feel time thicken for a moment.
You kill the centaur warrior!
Cheibriados thoroughly appreciates the change of pace.
Your Fire Magic skill increases to level 7!
Your Poison Magic skill increases to level 4!
You destroy the battlesphere!
You feel somewhat more hungry.
Rupert hits you with a +3 vampiric executioner's axe!!
You die...

#########
#Oe)@@..#
#?☼.####.#
#≈≈≈ #.#
#..* #.#
#.... ..#
#.... ..#
##### ###


You could see Rupert (berserk), a two-headed ogre and a deep elf mage.

Vanquished Creatures
  Agnes (D:14)
  Gastronok (D:8)
  A reaper (Gauntlet)
  A minotaur (Gauntlet)
  2 ettins
  Snorg (D:13)
  Josephine (Lair:4)
  Fannar (Lair:2)
  5 hydras
  2 two-headed ogres
  2 centaur warriors
  2 dancing weapons (D:13)
  An ogre mage (D:14)
  10 death yaks (Lair:5)
  Nergalle (Lair:1)
  2 unseen horrors (D:14)
  Pikel (D:5)
  An orc knight (D:13)
  A deep elf archer (D:14)
  5 lindwurms
  4 cyclopes
  An orc sorcerer (D:15)
  A deep elf mage (D:14)
  A salamander (shapeshifter) (D:14)
  A manticore (Lair:2)
  6 ugly things
  2 molten gargoyles (Lair:6)
  2 centaur zombies
  8 black mambas
  A centaur skeleton (D:14)
  5 spiny frogs
  4 gargoyles
  A rime drake (Lair:6)
  12 komodo dragons
  A freezing wraith (D:14)
  2 efreet (D:13)
  A hellwing (Gauntlet)
  A queen bee (Lair:4)
  2 trolls
  3 meliai (Lair:4)
  A wolf spider simulacrum (D:14)
  A polar bear (shapeshifter) (D:14)
  A meliai (shapeshifter) (D:14)
  3 large abominations (Gauntlet)
  5 blink frogs (Lair:4)
  8 slime creatures
  7 hippogriffs
  Sigmund (D:5)
  4 hogs (D:9)
  A shadow (D:7)
  A vampire (D:14)
  9 wraiths
  3 wyverns
  3 basilisks (Lair:6)
  20 yaks
  7 humans
  10 vampire mosquitoes (D:14)
  4 hungry ghosts
  2 steam dragons
  2 nagas (Lair:2)
  Edmund (D:6)
  3 hell hounds (Lair:6)
  8 porcupines
  11 water moccasins
  4 ice beasts
  2 phantoms
  An eye of draining (D:8)
  7 orc warriors
  3 sky beasts
  2 slaves (D:5)
  7 ogres
  A necrophage (D:6)
  6 wolves (Lair:4)
  8 crocodiles
  3 small abominations (Gauntlet)
  10 centaurs
  3 big kobolds
  20 bullfrogs
  3 scorpions
  A water moccasin skeleton (D:7)
  53 killer bees
  3 howler monkeys
  7 wights (D:11)
  4 jellies
  2 crimson imps
  4 bullfrog zombies
  5 lava snakes (Lair:6)
  11 hounds
  9 orc priests
  A quasit (D:12)
  11 orc wizards
  An iguana (D:8)
  6 worker ants
  A killer bee zombie (D:5)
  4 hound zombies
  A howler monkey zombie (D:5)
  Robin (D:3)
  2 worker ant zombies
  5 gnolls
  15 adders
  4 shadow imps
  An ooze (D:3)
  2 adder zombies
  2 adder skeletons
  4 worms
  2 dart slugs
  5 leopard geckos
  49 orcs
  5 giant cockroaches
  13 goblins
  11 hobgoblins
  17 jackals
  6 quokkas
  A ball python (D:3)
  4 bats
  6 frilled lizards
  24 kobolds
  10 rats
610 creatures vanquished.

Vanquished Creatures (others)
  A tengu warrior (D:15)
  A crocodile (Lair:5)
  A jelly (Lair:6)
  4 demonic plants (Gauntlet)
  11 fungi
  46 plants
  14 withered plants (Gauntlet)
78 creatures vanquished.

Grand Total: 688 creatures vanquished

Notes
Turn   | Place    | Note
-------+----------+-------------------------------------------
     0 | D:1      | Hugehornet the Gargoyle Fighter began the quest for the
                  | Orb.
     0 | D:1      | Reached XP level 1. HP: 14/14 MP: 1/1
    32 | D:1      | Reached XP level 2. HP: 18/19 MP: 2/2
   155 | D:1      | Reached skill level 3 in Maces & Flails
   481 | D:1      | Reached XP level 3. HP: 18/23 MP: 3/3
  1293 | D:2      | Reached skill level 4 in Maces & Flails
  1352 | D:1      | Reached XP level 4. HP: 20/28 MP: 4/4
  2170 | D:2      | Reached skill level 5 in Maces & Flails
  2170 | D:2      | Reached XP level 5. HP: 30/32 MP: 5/5
  2360 | D:3      | Found a faded altar of an unknown god.
  2466 | D:3      | Noticed Robin
  2475 | D:3      | Killed Robin
  3015 | D:3      | Reached skill level 6 in Maces & Flails
  3316 | D:3      | Reached XP level 6. HP: 33/37 MP: 6/6
  3506 | D:4      | Found a hide-covered altar of Uskayaw.
  3599 | D:4      | Found a hazy altar of Hepliaklqana.
  3604 | D:4      | Found an iron altar of Okawaru.
  4017 | D:4      | Found a snail-covered altar of Cheibriados.
  4031 | D:4      | Became a worshipper of Cheibriados the Contemplative
  4095 | D:5      | Entered Level 5 of the Dungeon
  4321 | D:5      | Found a basalt altar of Yredelemnul.
  4324 | D:5      | Found a sacrificial altar of Ru.
  4327 | D:5      | Found a shimmering blue altar of Sif Muna.
  4409 | D:5      | Reached skill level 7 in Maces & Flails
  4438 | D:5      | Found an ancient bone altar of Kikubaaqudgha.
  4513 | D:5      | Noticed a slave
  4515 | D:5      | Noticed Pikel
  4522 | D:5      | Noticed a slave
  4524 | D:5      | Noticed a slave
  4529 | D:5      | Noticed a slave
  4532 | D:5      | Killed a slave
  4539 | D:5      | Killed a slave
  4548 | D:5      | Reached XP level 7. HP: 30/41 MP: 7/7
  4607 | D:5      | Killed Pikel
  4607 | D:5      | Reached skill level 9 in Maces & Flails
  4607 | D:5      | Reached XP level 8. HP: 31/46 MP: 8/8
  5271 | D:5      | Noticed Sigmund
  5282 | D:5      | Killed Sigmund
  5282 | D:5      | Reached skill level 10 in Maces & Flails
  5295 | D:5      | Found a staircase to the Ecumenical Temple.
  5352 | D:6      | Reached * piety under Cheibriados
  5393 | D:6      | Found a stormy altar of Qazlal.
  5482 | D:6      | Reached skill level 11 in Maces & Flails
  5482 | D:6      | Reached XP level 9. HP: 50/51 MP: 9/9
  5486 | D:6      | Noticed Edmund
  5533 | D:6      | Killed Edmund
  5600 | D:6      | Reached skill level 12 in Maces & Flails
  5713 | D:6      | Found a bloodstained altar of Trog.
  5907 | D:6      | Reached ** piety under Cheibriados
  6455 | D:7      | Found a glowing silver altar of Zin.
  6472 | D:7      | Reached skill level 13 in Maces & Flails
  6653 | D:7      | Reached *** piety under Cheibriados
  6659 | D:7      | Reached XP level 10. HP: 56/56 MP: 10/10
  6827 | D:7      | Found Ogimiv's Distillery.
  6836 | D:7      | Bought a potion of degeneration for 15 gold pieces
  6836 | D:7      | Bought a potion of lignification for 45 gold pieces
  6836 | D:7      | Bought a potion of heal wounds for 75 gold pieces
  6836 | D:7      | Bought a potion of curing for 45 gold pieces
  6957 | D:8      | Reached skill level 14 in Maces & Flails
  6970 | D:8      | Reached **** piety under Cheibriados
  6979 | D:8      | Reached skill level 1 in Invocations
  6984 | D:8      | Noticed Gastronok
  6989 | D:8      | HP: 1/56 [Gastronok/the air (29)]
  7164 | D:8      | Reached ***** piety under Cheibriados
  7311 | D:8      | Found a white marble altar of Elyvilon.
  7462 | D:8      | Reached skill level 5 in Armour
  7477 | D:8      | Reached skill level 5 in Shields
  7608 | D:8      | Found a staircase to the Lair.
  8048 | D:8      | Killed Gastronok
  8048 | D:8      | Reached skill level 5 in Fighting
  8048 | D:8      | Reached XP level 11. HP: 24/63 MP: 13/13
  8585 | D:9      | Found a shadowy altar of Dithmenos.
  8730 | D:9      | Noticed a cyclops
  8740 | D:9      | Killed a cyclops
  8799 | D:9      | Reached ****** piety under Cheibriados
  8982 | D:9      | Found a shattered altar of Ashenzari.
  9360 | Lair:1   | Entered Level 1 of the Lair of Beasts
  9437 | Lair:1   | Noticed a seven-headed hydra
  9449 | Lair:1   | Killed a seven-headed hydra
  9672 | Lair:1   | Noticed Nergalle
  9679 | Lair:1   | Noticed a spectral orc warlord
  9685 | Lair:1   | Killed Nergalle
  9698 | Lair:1   | Reached skill level 5 in Invocations
 10059 | Lair:2   | Noticed Fannar
 10089 | Lair:2   | Killed Fannar
 10263 | Lair:2   | Found a staircase to the Snake Pit.
 10281 | Lair:2   | Reached XP level 12. HP: 30/71 MP: 14/16
 10512 | Lair:2   | Found a staircase to the Shoals.
 10760 | Lair:2   | You fall into a shaft and drop 1 floor!
 10760 | Lair:3   | Found the +7 Kryia's mail coat {PotionHeal*2 rC+}
 12509 | Lair:4   | Noticed an eight-headed hydra
 12520 | Lair:4   | Killed an eight-headed hydra
 12801 | Lair:4   | Noticed Josephine
 12818 | Lair:4   | Killed Josephine
 12830 | Lair:4   | Reached skill level 10 in Armour
 12830 | Lair:4   | Reached skill level 10 in Shields
 13887 | Lair:4   | Reached XP level 13. HP: 73/78 MP: 18/18
 13915 | Lair:4   | Learned a level 5 spell: Fireball
 14319 | Lair:5   | Reached skill level 1 in Fire Magic
 14333 | Lair:5   | Reached skill level 1 in Spellcasting
 14965 | Lair:5   | HP: 2/78 [spiny frog (4)]
 15775 | Lair:6   | Entered Level 6 of the Lair of Beasts
 16280 | Lair:6   | Found a staircase to the Slime Pits.
 16432 | Lair:6   | Identified the cursed +2 spear of Conflict {venom, rElec
                  | rN+ Dex-4}
 16434 | Lair:6   | Noticed Sassenached's ghost (journeyman HOWn)
 16435 | Lair:6   | Found a runed translucent door.
 16509 | Lair:6   | Found a large runed translucent door.
 16552 | Lair:6   | Found a large runed translucent door.
 16553 | Lair:6   | Noticed a fire dragon
 17188 | D:10     | Entered Level 10 of the Dungeon
 17279 | D:10     | Gained mutation: Your large and strong wings let you fly
                  | indefinitely. [Gargoyle growth]
 17279 | D:10     | Reached XP level 14. HP: 84/84 MP: 20/20
 17840 | D:10     | Reached skill level 5 in Fire Magic
 18225 | D:10     | Learned a level 2 spell: Blink
 18229 | D:10     | Learned a level 3 spell: Mephitic Cloud
 18373 | D:10     | Found a portal to a secret trove of treasure.
 18541 | D:11     | Got a pair of dazzling gloves
 18552 | D:11     | Identified the +1 pair of gloves of Okawaru's Wrath {Regen+
                  | Slay+3} (You found it on level 11 of the Dungeon)
 18614 | D:11     | Learned a level 4 spell: Cause Fear
 18722 | D:11     | Reached skill level 1 in Conjurations
 19137 | D:11     | Found an opulent altar of Gozag.
 19332 | D:12     | Reached skill level 1 in Hexes
 19394 | D:12     | Reached skill level 1 in Poison Magic
 19635 | D:12     | Reached skill level 1 in Translocations
 19635 | D:12     | Reached skill level 1 in Air Magic
 19664 | D:12     | Got a smoking lead ring
 19674 | D:12     | Identified the ring of Lugonu's Favour {rElec rPois rC-
                  | Str+2 Dex+2} (You found it on level 12 of the Dungeon)
 19776 | D:12     | Found a staircase to the Orcish Mines.
 20200 | D:13     | Noticed Snorg
 20233 | D:13     | Killed Snorg
 20439 | D:13     | Found a gate to the Vaults.
 20795 | D:13     | Found Avvitt's Jewellery Shop.
 20812 | D:13     | Bought the macabre finger necklace {rN+} for 720 gold
                  | pieces
 20812 | D:13     | Found the macabre finger necklace {rN+}
 20911 | D:14     | Noticed Roxanne
 20960 | D:14     | Found Lurong's Elemental Accessories.
 20978 | D:14     | Noticed Agnes
 20981 | D:14     | Noticed Louise
 21056 | D:14     | Found a gate leading to a gauntlet.
 21065 | Gauntlet | Entered a Gauntlet
 21065 | Gauntlet | Found a transporter.
 21141 | Gauntlet | Found a transporter.
 21157 | Gauntlet | Found a transporter.
 21161 | Gauntlet | Found a transporter.
 21182 | Gauntlet | Found a transporter.
 21195 | Gauntlet | Found a transporter.
 21208 | Gauntlet | Found a transporter.
 21235 | Gauntlet | Found a transporter.
 21235 | Gauntlet | Found a transporter.
 21243 | Gauntlet | Found a transporter.
 21263 | Gauntlet | Noticed a reaper
 21264 | Gauntlet | Found a transporter.
 21268 | Gauntlet | Found a transporter.
 21495 | Gauntlet | Killed a reaper
 21604 | Gauntlet | Got an ancient tin amulet
 21611 | Gauntlet | Got a bloodstained morningstar
 21676 | Gauntlet | Identified the amulet "Hemepefu" {+Inv Regen+} (You found
                  | it in a Gauntlet)
 21677 | Gauntlet | Identified the +6 morningstar of Sohy {freeze, rPois MP-9
                  | Int-2 Dex+6} (You found it in a Gauntlet)
 21695 | Gauntlet | Reached XP level 15. HP: 38/91 MP: 12/21
 21852 | D:14     | Found Eriyruv's Antique Weapon Shoppe.
 22054 | D:14     | Killed Agnes
 22268 | D:14     | Found an ancient bone altar of Kikubaaqudgha.
 22800 | D:15     | Entered Level 15 of the Dungeon
 22933 | D:15     | Noticed Rupert
 22950 | D:15     | Slain by Rupert

Levels and vault maps discovered:
D:1:      lightli_arrival_chessboard, layout_basic, kennysheep_boxes
D:2:      layout_rooms, serial_glass, glass_columns_a, glass_columns_a
D:3:      layout_basic, chequers_ecumenical_altar_simple_redux, uniq_robin
D:4:      layout_rooms, grunt_temple_overflow_open, kennysheep_slug_shrine
D:5:      layout_basic, kennysheep_mini_moat, grunt_temple_overflow_diamond,
          minmay_temple_entry_from_below_a, first_ration, uniq_sigmund,
          uniq_pikel
D:6:      layout_rooms, bloody_trog, basic_altar, minmay_ruffians, uniq_edmund
D:7:      layout_basic, old_standard_altar, serial_shops, shop, grunt_potential
D:8:      layout_loops_corners, marbit_many_paths, minmay_lair_entry_grove,
          uniq_gastronok
D:9:      layout_irregular_city, lemuel_coloured_pillars_altar, grunt_livestock,
          nicolae_dithmenos_through_a_glass_darkly
D:10:     layout_loops_ring, nicolae_trove_entry_columns,
          nicolae_straight_to_the_point
D:11:     layout_basic, nicolae_gozag_seed_capital
D:12:     layout_loops_cross, orc_0_dummy, minivault_19, minmay_lindwurm_lava
D:13:     layout_rooms, erik_vaults_1, serial_shops, nicolae_shop_statue_plus,
          uniq_snorg
D:14:     evilmike_horseshoe, layout_long_grid, lemuel_tele_altar,
          gauntlet_entry_generic, serial_shops, shop, nicolae_elemental_shop,
          small_statue_alley_a, uniq_agnes, uniq_roxanne, uniq_louise
D:15:     hangedman_depths_entry_civil_slaughter, layout_rooms,
          chequers_serial_rivers_micro_b, minivault_13, uniq_rupert
Lair:1:   layout_roguey, chequers_serial_rivers_small_a, uniq_nergalle
Lair:2:   layout_roguey, minmay_shoals_entry_beasts,
          guppyfry_snake_entry_garden, st_stairs_6, uniq_fannar
Lair:3:   layout_cave_pods, lemuel_fruit_tree
Lair:4:   layout_roguey [special_room_bee], grunt_megastairs_5, uniq_josephine
Lair:5:   layout_regular_city, lemuel_old_faithful
Lair:6:   cheibrodos_lair_end_hotspot, layout_loops_ring,
          minmay_slime_entry_pillars, ebering_ghost_funeral_grove,
          serial_bayou_pond_c

Skill      XL: |  1  2  3  4  5  6  7  8  9 10 11 12 13 14 15 |
---------------+----------------------------------------------+-----
Maces & Flails | 3 4 5 6 7 9 11 13 14 | 14.1
Invocations    | 3 5 7 8 |  8.9
Armour         | 6 8 10 11 12 | 12.6
Shields        | 6 8 10 11 12 | 12.6
Fighting       | 5 6 7 8 9 |  9.5
Fire Magic     | 4 6 7 |  7.0
Spellcasting   | 3 4 |  4.2
Conjurations   | 3 4 |  4.3
Hexes          | 2 3 |  3.3
Poison Magic   | 3 4 |  4.0
Translocations | 2 3 |  3.0
Air Magic      | 2 3 |  3.1

Action                   |  1- 3 |  4- 6 |  7- 9 | 10-12 | 13-15 || total
-------------------------+-------+-------+-------+-------+-------++-------
Melee: Flail             |   118 |   385 |   191 |   724 |  1022 ||  2440
       Unarmed           |       |       |     9 |       |       ||     9
       Whip              |       |       |   164 |       |       ||   164
       Morningstar       |       |       |       |       |    51 ||    51
Invok: Slouch            |       |       |       |       |     5 ||     5
 Abil: Fly               |       |       |       |       |     1 ||     1
  Use: Scroll            |     3 |     6 |     2 |    10 |     9 ||    30
       Potion            |       |       |     3 |     5 |    14 ||    22
 Stab: Distracted        |       |       |       |     1 |       ||     1
       Invisible         |       |       |       |       |     1 ||     1
  Eat: Chunk             |     2 |    11 |     5 |    12 |     7 ||    37
       Ration            |       |       |       |       |     4 ||     4
Armor: Scale mail        |    56 |    73 |       |       |       ||   129
       Chain mail        |       |   109 |   155 |   391 |   159 ||   814
       Skin              |       |       |     6 |       |       ||     6
       Plate armour      |       |       |       |       |   389 ||   389
Dodge: Dodged            |    44 |    73 |    41 |   148 |   257 ||   563
Block: Shield            |    82 |   187 |   132 |   437 |   833 ||  1671
